 Dungeon Crawl Stone Soup version 0.22.1-2-g9c5b331383 (webtiles) character file.

305 Knicklaso the Chiller (level 6, 0/46 HPs)
             Began as a Human Ice Elementalist on Dec 6, 2018.
             Killed from afar by an orc wizard (12 damage)
             ... with a puff of flame
             ... on level 4 of the Dungeon.
             The game lasted 00:14:00 (3501 turns).

Knicklaso the Chiller (Human Ice Elementalist)      Turns: 3501, Time: 00:14:01

Health: 0/46       AC:  2    Str:  8    XL:     6   Next: 67%
Magic:  11/11      EV: 12    Int: 17    God:
Gold:   139        SH:  0    Dex: 14    Spells: 10/11 levels left

rFire    . . .     SeeInvis .   d - +0 hunting sling
rCold    . . .     Gourm    .   (no shield)
rNeg     . . .     Faith    .   a - +0 robe
rPois    .         Spirit   .   (no helmet)
rElec    .         Reflect  .   (no cloak)
rCorr    .         Harm     .   (no gloves)
MR       .....                  (no boots)
Stlth    +.........             (no amulet)
HPRegen  0.15/turn              (no ring)
MPRegen  0.12/turn              (no ring)

@: confused
A: no striking features
a: no special abilities


You were on level 4 of the Dungeon.
You were not hungry.

You visited 1 branch of the dungeon, and saw 4 of its levels.

You collected 139 gold pieces.

Inventory:

Hand Weapons
 d - a +0 hunting sling (weapon)
 h - a +0 dagger
 x - a +0 vampiric dagger
Missiles
 e - 43 stones (quivered)
 k - 18 sling bullets
Armour
 a - a +0 robe (worn)
 p - a +2 leather armour of fire resistance
 t - a +2 leather armour of cold resistance
Jewellery
 r - a cursed -2 ring of strength {unknown}
Wands
 o - a wand of random effects (42)
Scrolls
 b - a scroll of blinking {unknown}
 j - a scroll of identify {unknown}
 l - a scroll of immolation {unknown}
 n - a scroll of teleportation {unknown}
 q - a scroll of remove curse {unknown}
 s - a scroll of enchant armour {unknown}
 u - a scroll of fog {unknown}
 y - a scroll of magic mapping {unknown}
 z - a scroll of random uselessness {unknown}
Potions
 f - 2 potions of berserk rage {unknown}
 g - a potion of flight {unknown}
 i - a potion of agility
 m - a potion of curing {unknown}
 v - a potion of magic {unknown}
Comestibles
 c - 6 rations
 w - 2 chunks of flesh


   Skills:
 + Level 2.8 Fighting
 - Level 2.0 Dodging
 - Level 2.0 Stealth
 + Level 3.3 Spellcasting
   Level 1.0 Conjurations
 * Level 5.4 Ice Magic


You had 10 spell levels left.
You knew the following spells:

 Your Spells              Type           Power        Failure   Level  Hunger
a - Freeze                Ice            ###.         1%          1    None

Your spell library contained the following spells:

 Spells                   Type           Power        Failure   Level  Hunger
 Throw Frost              Conj/Ice       ##....       7%          2    ##.....
 Ozocubu's Armour         Chrm/Ice       ##......     17%         3    ###....
 Throw Icicle             Conj/Ice       ##......     41%         4    ####...
 Summon Ice Beast         Ice/Summ       ##......     50%         4    ####...


Dungeon Overview and Level Annotations

Branches:
Dungeon (4/15)
 Temple: D:4-7

Altars:


Message History

Press: ? - help, Shift-Dir - straight line You shoot a stone.
You hear some strange, mumbled words.
A puff of flame appears from out of thin air!
The puff of flame hits you!
* * * LOW HITPOINT WARNING * * *
Firing (i - inventory. (/) - cycle)
e - 45 stones (quivered)
Press: ? - help, Shift-Dir - straight line You shoot a stone.
Something barely misses you.
Firing (i - inventory. (/) - cycle)
e - 44 stones (quivered)
Press: ? - help, Shift-Dir - straight line You shoot a stone.
You hear some strange, mumbled words.
You are confused.
Something hits you but does no damage.
You start resting.
You hear some strange, mumbled words.
A puff of flame appears from out of thin air!
The puff of flame hits you!
You die...

.....
######...........≈≈≈≈≈≈.
#####
....(...((...###..≈≈≈≈≈≈
# ......#.....## ..$.≈ #
.........(.## ..... .
..(.#....(..## .... ..
....(....(...#
..##........(##..
........(.......
###....)@.......
....(...........
###.........##..
#.............#
.(..............
.(((.)......###.
.##.........#
#..$..((..#


There were no monsters in sight!

Vanquished Creatures
  2 orc priests
  An orc wizard (D:4)
  Ijyb (D:3)
  3 gnolls (D:3)
  6 adders
  An ooze (D:1)
  2 worms
  6 leopard geckos
  9 orcs
  5 bats
  A giant cockroach (D:2)
  19 goblins
  3 hobgoblins
  6 jackals
  A quokka (D:3)
  6 frilled lizards
  8 kobolds
  11 rats
91 creatures vanquished.

Notes
Turn   | Place    | Note
-------+----------+-------------------------------------------
     0 | D:1      | Knicklaso the Human Ice Elementalist began the quest for
                  | the Orb.
     0 | D:1      | Reached XP level 1. HP: 13/13 MP: 3/3
   138 | D:1      | Reached XP level 2. HP: 20/20 MP: 0/5
   551 | D:1      | Reached XP level 3. HP: 25/25 MP: 6/6
   569 | D:1      | Reached skill level 1 in Fighting
   985 | D:2      | Reached XP level 4. HP: 30/32 MP: 5/7
  1092 | D:2      | Reached skill level 4 in Ice Magic
  1354 | D:2      | You fall through a shaft for 2 floors!
  1384 | D:3      | Noticed Ijyb
  1396 | D:3      | Killed Ijyb
  1455 | D:3      | Reached XP level 5. HP: 23/38 MP: 5/9
  2305 | D:3      | Reached skill level 5 in Ice Magic
  2305 | D:3      | Reached XP level 6. HP: 13/46 MP: 7/10
  2790 | D:3      | Noticed an ogre
  3501 | D:4      | Killed from afar by an orc wizard

Skill      XL: |  1  2  3  4  5 |
---------------+----------------+-----
Fighting       | 1 2 |  2.8
Ice Magic      | 4 5 |  5.4
Spellcasting   | 3 |  3.3
Dodging        | |  2.0
Stealth        | |  2.0
Conjurations   | |  1.0

Action                   |  1- 3 |  4- 6 || total
-------------------------+-------+-------++-------
 Fire: Hunting sling     |    94 |   178 ||   272
 Cast: Freeze            |    15 |    48 ||    63
  Eat: Chunk             |       |     8 ||     8
Armor: Robe              |     8 |     5 ||    13
Dodge: Dodged            |    29 |    51 ||    80
